 Dungeon Crawl Stone Soup version 0.27-a0-951-gae3e1deef5 (webtiles) character file.

Game seed: 3557554629800285945

48 Grognak the Poker (level 4, -4/35 HPs)
             Began as a Human Berserker on Apr 12, 2021.
             Was a Believer of Trog.
             Slain by an ice beast (11 damage)
             ... on level 2 of the Dungeon.
             The game lasted 00:01:56 (1524 turns).

Grognak the Poker (Human Berserker)                 Turns: 1524, Time: 00:01:57

Health: -4/35      AC: 11    Str: 17    XL:     4   Next: 0%
Magic:  4/4        EV:  5    Int:  8    God:    Trog [**....]
Gold:   75         SH:  0    Dex: 13    Spells: 3/3 levels left

rFire    . . .     SeeInvis .   a - +0 spear
rCold    . . .     Faith    .   (no shield)
rNeg     . . .     Spirit   .   f - +0 plate armour
rPois    .         Reflect  .   (no helmet)
rElec    .         Harm     .   (no cloak)
rCorr    .         Rampage  .   (no gloves)
Will     .....                  (no boots)
Stlth    ..........             (no amulet)
HPRegen  0.11/turn              (no ring)
MPRegen  0.09/turn              (no ring)

@: no status effects
A: no striking features
a: Renounce Religion, Berserk, Trog's Hand


You were on level 2 of the Dungeon.
You worshipped Trog.
Trog was pleased with you.
You visited 1 branch of the dungeon, and saw 2 of its levels.

You collected 75 gold pieces.

Inventory:

Hand Weapons
 a - a +0 spear (weapon)
Armour
 b - a +0 animal skin
 f - a +0 plate armour (worn)
Jewellery
 h - a +4 ring of evasion
Scrolls
 d - a scroll of noise
Potions
 c - a potion of might {unknown}
 e - a potion of berserk rage {unknown}
 g - a potion of cancellation {unknown}
 i - a potion of curing {unknown}


   Skills:
 * Level 3.4 Fighting
 * Level 3.9 Polearms
 * Level 2.2 Armour
 * Level 2.2 Dodging


You had 3 spell levels left.
You didn't know any spells.
Your spell library was empty.

Dungeon Overview and Level Annotations

Branches:
Dungeon (2/15)

Altars:


Message History

The ice beast hits you but does no damage.
You barely miss the ice beast.
The ice beast is heavily wounded.
The ice beast hits you but does no damage.
You hit the ice beast.
The ice beast is heavily wounded.
You closely miss the ice beast.
The ice beast is heavily wounded.
The ice beast hits you but does no damage.
Your plate armour prevents you from hitting the ice beast.
The ice beast is heavily wounded.
The ice beast hits you but does no damage.
You barely miss the ice beast.
The ice beast is heavily wounded.
The ice beast hits you but does no damage.
You hit the ice beast.
The ice beast is heavily wounded.
The ice beast hits you but does no damage.
You hit the ice beast.
The ice beast is severely wounded.
The ice beast hits you but does no damage.
You hit the ice beast but do no damage.
The ice beast is severely wounded.
The ice beast hits you but does no damage.
You hit the ice beast.
The ice beast is severely wounded.
The ice beast hits you but does no damage.
You hit the ice beast but do no damage.
The ice beast is severely wounded.
The ice beast hits you. The ice beast freezes you!
* * * LOW HITPOINT WARNING * * *
You barely miss the ice beast.
The ice beast is severely wounded.
The ice beast hits you but does no damage.
You hit the ice beast.
The ice beast is almost dead.
The ice beast hits you.
* * * LOW HITPOINT WARNING * * *
The ice beast freezes you!
You die...

#.#..#.######
#...........#
####....###.# .### ###
#....#...# ..... ..#
#..<.#.#.. ≈≈...#####.#
#....#.... _≈.........#
#....####. ≈≈.........#
#.....)... ......Y@..<#
##..####..
##.......).#####.>.....#
.................#####..
...(.......####### ###.#
....######## #...# ....
#.### ... #.### .. #.#<#
#.#.#


You could see an ice beast.

Vanquished Creatures
  An adder (D:2)
  3 dart slugs (D:1)
  3 bats
  4 endoplasms
  A giant cockroach (D:1)
  4 hobgoblins
  A quokka (D:2)
  A ball python (D:1)
  A frilled lizard (D:1)
  5 goblins
  3 kobolds
  3 rats (D:1)
30 creatures vanquished.

Notes
Turn   | Place    | Note
-------+----------+-------------------------------------------
     0 | D:1      | Grognak the Human Berserker began the quest for the Orb.
     0 | D:1      | Reached XP level 1. HP: 18/18 MP: 1/1
   346 | D:1      | Reached XP level 2. HP: 24/24 MP: 2/2
   614 | D:1      | Reached XP level 3. HP: 23/29 MP: 3/3
  1312 | D:2      | Reached ** piety under Trog
  1499 | D:2      | Reached XP level 4. HP: 35/35 MP: 4/4
  1499 | D:2      | Noticed an ice beast
  1501 | D:2      | Found a faded altar of an unknown god.
  1524 | D:2      | Slain by an ice beast

Illustrated notes

Levels and vault maps discovered:
D:1:      lemuel_arrival_cross, layout_loops_ring,
          hangedman_abyss_or_decor_lesser_grid, st_stairs_14
D:2:      layout_basic, hellmonk_ecumenical_altar_pennies_from_heaven

Action                   |  1- 3 |  4- 6 || total
-------------------------+-------+-------++-------
Melee: Spear             |   116 |    23 ||   139
  Use: Scroll            |     2 |       ||     2
Armor: Plate armour      |    56 |    16 ||    72
Dodge: Dodged            |    28 |     1 ||    29

Table legend: (Time is in decaauts)
 A = Elapsed time spent in this place.
 B = Non-inter-level travel time spent in this place.
 C = Inter-level travel time spent in this place.
 D = Time resting spent in this place.
 E = Time spent auto-exploring this place.
 F = Levels seen in this place.
 G = Mean time per level.
                   A        B        C        D        E       F      G
               +--------+--------+--------+--------+--------+-----+--------+
         Total |   1512 |   1512 |      0 |      0 |   1264 |   2 |  756.0 |
       Dungeon |   1512 |   1512 |      0 |      0 |   1264 |   2 |  756.0 |
               +--------+--------+--------+--------+--------+-----+--------+

Top non-repeatable levels by time:
     D:1: 917 daAuts
     D:2: 595 daAuts
